Match 40155722
Unlisted

Match 40155722
End
Kettenkrad Recon Vehicle
Construct Infanterie Kompanie
Selects Terror Battlegroup
Selects Machine Gun Camouflage
MG 42 Machine Gun Team
Grenadier Squad
GrW 34 Mortar Team
Construct Panzergrenadier Kompanie
251 Medium Carrier
Pak 40 Anti-tank Gun Team
Grenadier Squad
Support Elements
Selects Contempt for the Weak
Grenadier Squad
Nebelwerfer 42 Rocket Launcher Team
Construct Luftwaffe Kompanie
251 Medium Carrier
Selects Defend the Fatherland
Pioneer Squad
Jäger Squad
StuG III G Assault Gun
Cloverfield135
Turtleboy
고양이귀 에스텔
Tombs
GuggaJugs
Mila!
0
0

Comments sign in to comment!

No comments posted yet!